 Dungeon Crawl Stone Soup version 0.16-a0-3643-g096a701 (webtiles) character file.

7029 DEFE the Spear-Bearer (level 11, -2/92 HPs)
             Began as a Merfolk Gladiator on Jan 16, 2015.
             Was an Elder of Okawaru.
             Splashed by a brown ugly thing's acid (3 damage)
             ... on level 11 of the Dungeon.
             The game lasted 00:23:19 (10719 turns).

DEFE the Spear-Bearer (Merfolk Gladiator)          Turns: 10719, Time: 00:23:20

Health: -2/92      AC: -4    Str: 18    XL:     11   Next: 8%
Magic:  0/11       EV: 24    Int:  7    God:    Okawaru [****..]
Gold:   479        SH:  0    Dex: 16    Spells: 0 memorised, 10 levels left

rFire  . . .     SeeInvis +     w - +0 trident (protect)
rCold  . . .     Clarity  .     e - +3 leather armour {MR+}
rNeg   . . .     SustAb   .     (no shield)
rPois  .         Gourm    .     c - +0 helmet
rElec  .         Spirit   +     (no cloak)
rCorr  .         Warding  .     t - +0 pair of gloves
rMut   .         Stasis   .     p - +0 pair of boots
MR     +....                    y - amulet of guardian spirit
Stlth  ++++......               u - ring of stealth
                                l - ring of see invisible

@: heroism, corroded equipment, somewhat resistant to hostile enchantments,
stealthy
A: change form in water, swift swim
a: Heroism, Renounce Religion


You were on level 11 of the Dungeon.
You worshipped Okawaru.
Okawaru was greatly pleased with you.
You were not hungry.

You visited 2 branches of the dungeon, and saw 12 of its levels.

You collected 544 gold pieces.
You spent 65 gold pieces at shops.

Inventory:

Hand weapons
 a - a +1 trident
 w - a +0 trident of protection (weapon)
Missiles
 d - 5 throwing nets (quivered)
Armour
 b - a +0 leather armour
 c - a +0 helmet (worn)
 e - a +3 leather armour of magic resistance (worn)
 p - a +0 pair of boots (worn)
 t - a +0 pair of gloves (worn)
Jewellery
 l - a ring of see invisible (left hand)
 n - an uncursed ring of wizardry
 u - a ring of stealth (right hand)
 y - an amulet of guardian spirit (around neck)
Magical devices
 q - a wand of paralysis (11)
 B - a wand of invisibility (3)
 S - a wand of random effects (24)
Scrolls
 i - 3 scrolls of fog
 k - 5 scrolls of teleportation
 x - a scroll of amnesia
 E - 2 scrolls of enchant armour
 F - 2 scrolls of fear
 G - a scroll of magic mapping
 I - a scroll of enchant weapon
 J - 2 scrolls of blinking
 M - 2 scrolls of remove curse
 P - a scroll of summoning
 Q - a scroll of recharging
 T - a scroll of random uselessness
Potions
 j - 2 potions of cancellation
 m - 3 potions of flight
 o - 2 potions of mutation
 r - 3 potions of magic
 s - 2 potions of lignification
 A - a potion of haste
 D - a potion of heal wounds
 H - a potion of ambrosia
 K - a potion of restore abilities
 L - 2 potions of poison
 N - a potion of resistance
 O - 3 potions of curing
Books
 z - a book of Flames

   Spells                             Type                      Level
   a - Flame Tongue                   Conjuration/Fire             1
   b - Throw Flame                    Conjuration/Fire             2
   c - Conjure Flame                  Conjuration/Fire             3
   d - Inner Flame                    Hexes/Fire                   3
   e - Sticky Flame                   Conjuration/Fire             4
   f - Fireball                       Conjuration/Fire             5
 C - a Young Poisoner's Handbook

   Spells                             Type                      Level
   a - Sting                          Conjuration/Poison           1
   b - Cure Poison                    Poison                       2
   c - Mephitic Cloud                 Conjuration/Poison/Air       3
   d - Olgreb's Toxic Radiance        Poison                       4
   e - Venom Bolt                     Conjuration/Poison           5
Comestibles
 f - 4 bread rations
 g - 6 meat rations
 v - 5 fruits
 U - 9 royal jellies
 V - 6 beef jerkies


   Skills:
 + Level 10.9(15.9) Fighting
 + Level 13.7(18.7) Polearms
 - Level 2.0(7.0) Throwing
 + Level 12.6(17.6) Dodging


You had 10 spell levels left.
You didn't know any spells.

Dungeon Overview and Level Annotations

Branches:
Dungeon (11/15)            Temple (1/1) D:6            Lair (0/8) D:10
    Orc: D:9-12

Altars:
Ashenzari
Cheibriados
Dithmenos
Elyvilon
Fedhas
Gozag
Kikubaaqudgha
Makhleb
Nemelex Xobeh
Okawaru
Qazlal
Ru
Sif Muna
Trog
Vehumet
Xom
Yredelemnul
Zin
The Shining One

Shops:
D:6 }

Annotations:
D:6 Prince Ribbit


Message History

The brown ugly thing is severely wounded.
You hit the brown ugly thing but do no damage.
The brown ugly thing is severely wounded.
The brown ugly thing misses you.
You hit the brown ugly thing.
The brown ugly thing is almost dead.
The brown ugly thing closely misses you.
You barely miss the brown ugly thing.
The brown ugly thing is almost dead.
You hit the brown ugly thing but do no damage.
The brown ugly thing is almost dead.
The brown ugly thing barely misses you.
You closely miss the brown ugly thing.
The brown ugly thing is severely wounded.
You barely miss the brown ugly thing.
The brown ugly thing is severely wounded.
The brown ugly thing trunk-slaps you!
* * * LOW HITPOINT WARNING * * *
You are splashed with acid!
The acid corrodes your equipment!
The acid burns!
You die...

# ### # # ..# ..# # #.# #.#
# #.# ###.##### ..#
......... #.# ##...... #.#
#.....#
###@##########......
#..u.........#.....#
#...########.......#
..%#####...##........#..###
#.........#...............
#...####..##..#####)###.###
#()##..# #.# #.# #))##..#
#.# #.# #...>.....# #.# #.#


You could see a brown ugly thing.

Vanquished Creatures
  A troll (D:6)
  A two-headed ogre (D:11)
  A deep elf mage (D:11)
  2 hungry ghosts
  Eustachio (D:8)
  A hippogriff (D:10)
  2 soldier ants (D:10)
  Edmund (D:4)
  2 porcupines (D:10)
  2 sky beasts (D:8)
  4 orc warriors
  A spider (D:10)
  A black bear (D:8)
  3 phantoms
  A wasp (D:10)
  An ice beast (D:3)
  6 ogres
  2 crocodiles
  12 centaurs
  2 giant frogs
  A scorpion (D:8)
  6 crimson imps
  7 killer bees
  2 goliath beetles
  2 hounds
  4 centaur zombies
  2 giant frog zombies
  A jelly (D:10)
  A quasit (D:8)
  2 centaur skeletons
  4 orc priests
  5 iguanas
  7 worker ants
  9 orc wizards
  A hell rat (D:10)
  Jessica (D:2)
  A hound skeleton (D:10)
  A worker ant zombie (D:9)
  8 adders
  8 gnolls
  5 shadow imps
  6 worms
  3 adder skeletons
  An adder zombie (D:8)
  5 giant geckos
  2 oozes
  26 orcs
  3 ball pythons
  17 bats
  13 hobgoblins
  7 jackals
  A quokka (D:2)
  4 giant cockroaches
  A giant gecko skeleton (D:5)
  2 giant newts
  14 goblins
  2 jackal skeletons
  11 kobolds
  A quokka skeleton (D:9)
  17 rats
261 creatures vanquished.

Notes
Turn   | Place    | Note
--------------------------------------------------------------
     0 | D:1      | DEFE, the Merfolk Gladiator, began the quest for the Orb.
     0 | D:1      | Reached XP level 1. HP: 16/16 MP: 1/1
   316 | D:1      | Reached XP level 2. HP: 14/23 MP: 2/2
   896 | D:2      | Reached XP level 3. HP: 24/28 MP: 3/3
   998 | D:2      | Reached skill level 5 in Polearms
  1157 | D:2      | Noticed Jessica
  1318 | D:2      | Reached XP level 4. HP: 32/35 MP: 4/4
  1389 | D:2      | Killed Jessica
  1389 | D:2      | Reached skill level 5 in Dodging
  1979 | D:3      | Reached XP level 5. HP: 33/41 MP: 5/5
  2116 | D:3      | Reached skill level 6 in Polearms
  2441 | D:3      | Noticed an ice beast
  2450 | D:3      | Killed an ice beast
  2494 | D:4      | Reached XP level 6. HP: 22/48 MP: 6/6
  2765 | D:4      | Noticed Edmund
  2804 | D:4      | Killed Edmund
  2804 | D:4      | Reached skill level 7 in Polearms
  3111 | D:4      | Reached XP level 7. HP: 47/55 MP: 7/7
  3126 | D:4      | Reached skill level 5 in Fighting
  3740 | D:5      | Entered Level 5 of the Dungeon
  3754 | D:5      | Found a glowing silver altar of Zin.
  3754 | D:5      | Found a stormy altar of Qazlal.
  4146 | D:5      | Found a sparkling altar of Nemelex Xobeh.
  4148 | D:5      | Found a shadowy altar of Dithmenos.
  4174 | D:5      | Found a snail-covered altar of Cheibriados.
  4176 | D:5      | Found an ancient bone altar of Kikubaaqudgha.
  4301 | D:6      | Reached skill level 8 in Polearms
  4397 | D:6      | Reached XP level 8. HP: 8/64 MP: 8/8
  4590 | D:6      | Found Themes' Quality Used Wands.
  4591 | D:6      | Noticed a troll
  4603 | D:6      | Killed a troll
  4603 | D:6      | Reached skill level 9 in Polearms
  4667 | D:6      | Found a staircase to the Ecumenical Temple.
  4813 | D:6      | Bought a wand of invisibility (0) for 52 gold pieces
  4838 | Temple   | Entered the Ecumenical Temple
  4873 | Temple   | Became a worshipper of Warmaster Okawaru
  5174 | D:6      | Noticed Prince Ribbit
  5246 | D:6      | Reached skill level 10 in Polearms
  5246 | D:6      | Reached XP level 9. HP: 34/72 MP: 9/9
  6615 | D:8      | Acquired Okawaru's first power
  6626 | D:8      | Reached skill level 10 in Dodging
  6754 | D:8      | Reached skill level 11 in Polearms
  7475 | D:8      | Found a stormy altar of Qazlal.
  7711 | D:8      | Reached XP level 10. HP: 75/83 MP: 10/10
  8135 | D:8      | Reached skill level 12 in Polearms
  8153 | D:8      | Noticed Eustachio
  8193 | D:8      | Killed Eustachio
  8438 | D:9      | Found a blossoming altar of Fedhas.
  9218 | D:10     | Entered Level 10 of the Dungeon
  9422 | D:6      | Bought a wand of random effects (0) for 13 gold pieces
  9627 | D:10     | Found a staircase to the Lair.
  9903 | D:10     | Reached skill level 10 in Fighting
 10206 | D:10     | Reached skill level 13 in Polearms
 10632 | D:11     | Reached XP level 11. HP: 84/92 MP: 9/11
 10676 | D:11     | Noticed a brown ugly thing
 10719 | D:11     | HP: 1/92 [brown ugly thing (13)]
 10719 | D:11     | Splashed by a brown ugly thing's acid

Action                   |  1- 3 |  4- 6 |  7- 9 | 10-12 || total
-------------------------+-------+-------+-------+-------++-------
Melee: Trident           |   129 |   159 |   695 |   559 ||  1542
Invok: Heroism           |       |       |     1 |     1 ||     2
Evoke: Wand              |       |       |       |     4 ||     4
  Use: Scroll            |     8 |     3 |    11 |     7 ||    29
       Potion            |       |     1 |     9 |     1 ||    11
 Stab: Sleeping          |       |       |     7 |    11 ||    18
  Eat: Chunk             |       |     4 |    17 |     6 ||    27
       Beef jerky        |       |     1 |     1 |     1 ||     3
       Pizza             |       |       |       |     3 ||     3
